 Dungeon Crawl Stone Soup version 0.18-a0-1799-g6250cb2 (webtiles) character file.

499 Chiseanne the Ducker (level 6, -1/65 HPs)
             Began as a Troll Monk on Apr 23, 2016.
             Slain by an ice beast (6 damage)
             ... on level 5 of the Dungeon.
             The game lasted 00:07:39 (2663 turns).

Chiseanne the Ducker (Troll Monk)                   Turns: 2663, Time: 00:07:39

Health: -1/65      AC:  6    Str: 20    XL:     6   Next: 94%
Magic:  5/5        EV: 18    Int:  6    God:
Gold:   97         SH:  0    Dex: 19    Spells: 0 memorised, 5 levels left

rFire  . . .     SeeInvis .       - Unarmed
rCold  . . .     Gourm    +     w - +1 robe
rNeg   . . .     Faith    .     (no shield)
rPois  .         Spirit   .     (helmet restricted)
rElec  .         Dismiss  .     (no cloak)
rCorr  .         Reflect  .     (gloves unavailable)
SustAt .         Harm     .     (boots unavailable)
MR     .....                    t - amulet of regeneration
Stlth  +++.......               (no ring)
                                (no ring)

@: agile, not resistant to hostile enchantments, fairly stealthy
A: unfitting armour, claws 3, fast metabolism 3, gourmand, regeneration 2,
shaggy fur 1, tough skin 2
a: no special abilities


You were on level 5 of the Dungeon.
You were completely stuffed.

You visited 1 branch of the dungeon, and saw 5 of its levels.

You collected 97 gold pieces.

Inventory:

Hand Weapons
 a - a +1 giant spiked club
Missiles
 c - 98 stones (quivered)
 i - 46 arrows
 j - 20 bolts
Armour
 w - a +1 robe (worn)
Jewellery
 t - an amulet of regeneration (around neck)
 v - a +4 ring of intelligence {unknown}
Scrolls
 d - a scroll of magic mapping
 o - a scroll of enchant armour
Potions
 h - 2 potions of invisibility
 k - a potion of curing {unknown}
 p - a potion of might
 q - a potion of agility
Books
 e - a book of Envenomations

   Spells                             Type                      Level
   a - Spider Form                    Transmutation/Poison         3
   b - Olgreb's Toxic Radiance        Poison                       4
   c - Alistair's Intoxication        Transmutation/Poison         5
   d - Poisonous Cloud                Conjuration/Poison/Air       6
Comestibles
 b - 4 bread rations
 f - 2 beef jerkies
 g - 5 chunks of flesh
 l - a slice of pizza
 n - 2 royal jellies
 u - 6 fruits


   Skills:
 * Level 4.8 Fighting
 * Level 5.0 Dodging
 - Level 1.1 Stealth
 - Level 4.0 Unarmed Combat


You had 5 spell levels left.
You didn't know any spells.

Dungeon Overview and Level Annotations

Branches:
Dungeon (5/15)
 Temple: D:4-7

Altars:
Fedhas
Vehumet


Innate Abilities, Weirdness & Mutations

You are too large for most types of armour.
You have claws for hands.
Your metabolism is lightning-fast.
You like to eat raw meat.
You heal very quickly.
You are covered in fur (AC +1).
You have very tough skin (AC +2).


Message History

You scratch the worker ant.
The worker ant is severely wounded.
The worker ant closely misses you. The ice beast hits you.
* * * LOW HITPOINT WARNING * * *
The ice beast freezes you!
* * * LOW HITPOINT WARNING * * *
The worker ant closely misses you.
You scratch the worker ant.
The worker ant is almost dead.
The ice beast completely misses you. The worker ant closely misses you.
You closely miss the worker ant.
The worker ant is almost dead.
The ice beast barely misses you.
The worker ant bites you but does no damage.
You scratch the worker ant but do no damage.
The worker ant is almost dead.
The ice beast hits you.
* * * LOW HITPOINT WARNING * * *
The ice beast freezes you.
You die...

...# #..#...####
####
...#.......##...##
..#..#...........##.
.#..#......$........
...#..............#
..#..#....Y.......#
.#..#.....a@.....#
...#....<..##.......
..#..#..#### ##.....
.#..#.!.# ...$
.=.#....# ..o
..#%.#..# ##
.#..#...# ........#
.......##


You could see an ice beast and a worker ant.

Vanquished Creatures
  2 ogres
  The ghost of macross the Sneak, an amateur SpEn (D:3)
  2 hounds (D:4)
  2 orc wizards (D:3)
  A howler monkey zombie (D:4)
  5 adders
  A gnoll (D:1)
  A howler monkey skeleton (D:4)
  A worm (D:4)
  6 giant geckos
  5 orcs (D:3)
  5 bats
  3 giant cockroaches
  11 goblins
  8 hobgoblins
  4 jackals (D:2)
  2 quokkas (D:2)
  4 giant newts
  5 kobolds
  7 rats
76 creatures vanquished.

Notes
Turn   | Place    | Note
--------------------------------------------------------------
     0 | D:1      | Chiseanne the Troll Monk began the quest for the Orb.
     0 | D:1      | Reached XP level 1. HP: 22/22 MP: 0/0
   211 | D:1      | Reached XP level 2. HP: 28/29 MP: 1/1
   446 | D:1      | Reached skill level 3 in Dodging
   453 | D:1      | Reached XP level 3. HP: 24/36 MP: 2/2
  1259 | D:2      | Reached XP level 4. HP: 44/45 MP: 3/3
  1644 | D:3      | Noticed macross's ghost (amateur SpEn)
  1658 | D:3      | Killed macross's ghost
  1658 | D:3      | Reached skill level 4 in Dodging
  1658 | D:3      | Reached XP level 5. HP: 48/53 MP: 4/4
  1907 | D:3      | Found a blossoming altar of Fedhas.
  2003 | D:3      | Noticed an ogre
  2014 | D:3      | Killed an ogre
  2014 | D:3      | Reached XP level 6. HP: 62/62 MP: 5/5
  2600 | D:4      | Reached skill level 5 in Dodging
  2614 | D:4      | Found a radiant altar of Vehumet.
  2647 | D:5      | Entered Level 5 of the Dungeon
  2647 | D:5      | Noticed an ice beast
  2663 | D:5      | Slain by an ice beast

Vault maps used:
D:1:      lemuel_arrival_rhombus, serial_bayou_pond_b
D:3:      st_stairs_3, fedhas_altar_fruit_tree
D:4:      vehumet_altar_wand_db
D:5:      first_bread, minmay_misc_feat_diagonals

Skill      XL: |  1  2  3  4  5  6 |
---------------+-------------------+-----
Dodging        | 3 4 5 |  5.0
Fighting       | 3 4 |  4.8
Stealth        | |  1.1
Unarmed Combat | |  4.0

Action                   |  1- 3 |  4- 6 || total
-------------------------+-------+-------++-------
Melee: Unarmed           |    82 |   148 ||   230
       Punch             |     1 |       ||     1
Throw: Stone             |       |     3 ||     3
  Use: Scroll            |       |    13 ||    13
       Potion            |       |     1 ||     1
 Stab: Sleeping          |     6 |     3 ||     9
  Eat: Chunk             |    17 |    13 ||    30
Armor: Robe              |    25 |    63 ||    88
Dodge: Dodged            |    39 |   108 ||   147
